 Dungeon Crawl Stone Soup version 0.21-a0-39-g28ea6b7 (console) character file.

424 nht the Carver (level 6, -10/48 HPs)
             Began as a Barachi Berserker on May 31, 2017.
             Was a Priest of Trog.
             Mangled by an ogre
             ... wielding a +0 giant spiked club
              (12 damage)
             ... on level 4 of the Dungeon.
             The game lasted 00:03:06 (2208 turns).

nht the Carver (Barachi Berserker)                  Turns: 2208, Time: 00:03:08

Health: -10/48     AC: 11    Str: 18    XL:     6   Next: 96%
Magic:  6/6        EV:  6    Int: 10    God:    Trog [***...]
Gold:   222        SH:  0    Dex: 13    Spells: 5/5 levels left

rFire    . . .     SeeInvis .   a - +0 dagger (elec)
rCold    . . .     Gourm    .   (no shield)
rNeg     . . .     Faith    .   f - +0 plate armour
rPois    .         Spirit   .   (no helmet)
rElec    .         Reflect  .   (no cloak)
rCorr    .         Harm     .   (no gloves)
MR       .....                  (no boots)
Stlth    ..........             (no amulet)
Regen    0.2/turn               l - +2 ring of intelligence
MPRegen  0.1/turn               (no ring)

@: lethally poisoned (-10 -> -12), slow
A: +LOS, swims, slowness 1, strong legs 1
a: Hop, Berserk, Trog's Hand, Burn Spellbooks, Renounce Religion


You were on level 4 of the Dungeon.
You worshipped Trog.
Trog was most pleased with you.
You were not hungry.

You visited 1 branch of the dungeon, and saw 4 of its levels.

You collected 222 gold pieces.

Inventory:

Hand Weapons
 a - a +0 dagger of electrocution (weapon)
 i - a +0 falchion
Missiles
 n - 10 poisoned needles
 t - 3 javelins (quivered)
Armour
 f - a +0 plate armour (worn)
Jewellery
 l - a +2 ring of intelligence (left hand)
Wands
 s - a wand of disintegration (12/24)
Scrolls
 b - a scroll of enchant armour {unknown}
 d - a scroll of teleportation {unknown}
 e - a scroll of enchant weapon {unknown}
 k - a scroll of noise {unknown}
 p - a scroll of recharging {unknown}
 q - a scroll of fog {unknown}
 r - 2 scrolls of identify
Potions
 g - 2 potions of heal wounds
 h - a potion of brilliance {unknown}
 j - 2 potions of degeneration {unknown}
 m - a potion of curing {unknown}
 o - a potion of haste {unknown}
 v - a potion of might {unknown}
Comestibles
 c - 3 bread rations
 u - 10 chunks of flesh


   Skills:
 - Level 3.7 Fighting
 + Level 9.0 Long Blades
 - Level 2.5 Armour
 - Level 2.2 Dodging


You had 5 spell levels left.
You didn't know any spells.

Dungeon Overview and Level Annotations

Branches:
Dungeon (4/15)
 Temple: D:4-7

Altars:
Okawaru
Trog
Wu Jian


Innate Abilities, Weirdness & Mutations

Shadows flee at your approach. (+LOS)
You can swim through water.
You cover ground slowly.
You can hop short distances.


Message History

The ogre is heavily wounded.
The ogre hits you with a giant spiked club!
* * * LOW HITPOINT WARNING * * *
You hit the ogre but do no damage.
The ogre is heavily wounded.
You hit the ogre.
The ogre is heavily wounded.
The ogre hits you with a giant spiked club!
* * * LOW HITPOINT WARNING * * *
* * * LOW HITPOINT WARNING * * *
You feel sick.
Okay, then.
Okay, then.
Evoke which item? (* to show all) (? for menu, Esc to quit)
Okay, then.
As you read the scroll labeled YWANAIN ZUSARCH, it crumbles to dust.
It is a scroll of identify.
g - 2 potions of heal wounds The ogre hits you with a giant spiked club!
You die...

█ .....█ █......███
█.█.█... █ █.........
█(█.█..█.█ █.........
......█.█ █.........
███....█.██████.........
█..>....................
█........██████....████.
█.██...█O██████████'██
█.
█......).@†.....███..█
█.
.<█.......█████.█....█
██ █.......█...█.█.█...█
█.██.█..█.█.....█...█ █
...█..█.███.█████...
..█.....█.....█ ..... █
█.███.███████ ..... ..
... <.... ... █.█ ..██


You could see an ogre.

Vanquished Creatures
  Sigmund (D:3)
  A scorpion (D:4)
  2 hounds (D:4)
  2 worker ants (D:4)
  3 adders
  2 worms (D:2)
  2 dart slugs
  3 leopard geckos (D:1)
  4 orcs (D:3)
  3 giant cockroaches
  8 goblins
  13 hobgoblins
  3 kobolds
  2 quokkas
  8 bats
  8 frilled lizards
  7 rats
72 creatures vanquished.

Vanquished Creatures (others)
  A wizard (D:3)
1 creature vanquished.

Grand Total: 73 creatures vanquished

Notes
Turn   | Place    | Note
-------+----------+-------------------------------------------
     0 | D:1      | nht the Barachi Berserker began the quest for the Orb.
     0 | D:1      | Reached XP level 1. HP: 18/18 MP: 1/1
   184 | D:1      | Reached skill level 4 in Long Blades
   184 | D:1      | Reached XP level 2. HP: 19/25 MP: 2/2
   490 | D:1      | Reached XP level 3. HP: 29/30 MP: 3/3
   772 | D:2      | Reached skill level 5 in Long Blades
   809 | D:2      | Reached ** piety under Trog
  1040 | D:2      | Reached XP level 4. HP: 37/37 MP: 4/4
  1204 | D:2      | Found an iron altar of Okawaru.
  1463 | D:3      | Reached skill level 6 in Long Blades
  1578 | D:3      | Noticed Sigmund
  1607 | D:3      | Killed Sigmund
  1607 | D:3      | Reached skill level 7 in Long Blades
  1607 | D:3      | Reached XP level 5. HP: 27/42 MP: 5/5
  1607 | D:3      | Reached XP level 6. HP: 31/48 MP: 6/6
  1944 | D:3      | Found a bloodstained altar of Trog.
  1944 | D:3      | Noticed a wizard
  1950 | D:3      | Killed a wizard
  2064 | D:3      | Found an ornate altar of the Wu Jian Council.
  2114 | D:4      | Reached skill level 8 in Long Blades
  2146 | D:4      | Reached *** piety under Trog
  2197 | D:4      | Reached skill level 9 in Long Blades
  2206 | D:4      | HP: 2/48 [ogre/giant spiked club (10)]
  2208 | D:4      | Mangled by an ogre

Vault maps used:
D:1:      minmay_arrival_four_circles
D:2:      first_bread, okawaru_metal_pillars_1_2
D:3:      lemuel_coloured_pillars_altar, minmay_tree_intersection,
          serial_park_tiny_pond, trog_wizard, uniq_sigmund
D:4:      vehumet_altar_wand_db, minitemple

Skill      XL: |  1  2  3  4  5  6 |
---------------+-------------------+-----
Long Blades    | 4 5 7 9 |  9.0
Fighting       | |  3.7
Armour         | |  2.5
Dodging        | |  2.2

Action                   |  1- 3 |  4- 6 || total
-------------------------+-------+-------++-------
Melee: Falchion          |   110 |       ||   110
       Dagger            |    54 |   122 ||   176
Invok: Berserk           |       |     1 ||     1
  Use: Scroll            |       |     1 ||     1
  Eat: Chunk             |     1 |     5 ||     6
Armor: Plate armour      |   117 |    52 ||   169
       Animal skin       |     1 |       ||     1
Dodge: Dodged            |    60 |    25 ||    85
       Rpst.: Falchion   |    13 |       ||    13
